 Dungeon Crawl Stone Soup version bcrawl-1.19-7-g22fd707d3b (webtiles) character file.

Game seed: 12747984360266613296

19239 Mrkan the Fighter (level 12, -14/127 HPs)
             Began as a Troll Monk on Nov 16, 2019.
             Was an Elder of Lugonu.
             Demolished by a tyrant leech (28 damage)
             ... on level 2 of the Lair of Beasts.
             The game lasted 00:29:57 (9757 turns).

Mrkan the Fighter (Troll Monk)                      Turns: 9757, Time: 00:29:58

Health: -14/127    AC: 11    Str: 22    XL:     12   Next: 34%
Magic:  0/17       EV:  8    Int: 11    God:    Lugonu [****..]
Gold:   502        SH: 19    Dex: 12    Spells: 11/11 levels left

rFire    . . .     SeeInvis +     - Unarmed
rCold    + . .     Gourm    +   F - +2 large shield {rC+}
rNeg     . . .     Faith    .   (armour unavailable)
rPois    +         Spirit   +   E - +1 hat
rElec    .         Reflect  .   A - +0 cloak {MR+}
rCorr    .         Harm     .   (gloves unavailable)
MR       ++...                  (boots unavailable)
Stlth    ++........             b - amulet of guardian spirit
HPRegen  1.11/turn              f - ring of protection from magic
MPRegen  0.15/turn              g - ring of poison resistance

@: very slow
A: large, almost no armour, unfitting armour, claws 3, see invisible, blink,
fast metabolism 3, gourmand, regeneration 2, AC +9
a: Blink, Depart the Abyss, Bend Space, Banish, Corrupt, Renounce Religion


You were on level 2 of the Lair of Beasts.
You worshipped Lugonu.
Lugonu was greatly pleased with you.
You were full.

You visited 3 branches of the dungeon, and saw 12 of its levels.

You collected 1042 gold pieces.
You spent 540 gold pieces at shops.

Inventory:

Armour
 A - a +0 cloak of magic resistance (worn)
 E - a +1 hat (worn)
 F - a +2 large shield of cold resistance (worn)
Jewellery
 b - an amulet of guardian spirit (around neck)
 f - a ring of protection from magic (left claw)
 g - a ring of poison resistance (right claw)
 B - a cursed amulet of inaccuracy
 C - an uncursed ring of magical power
 R - a cursed ring of attention {unknown}
 S - an uncursed ring of ice {unknown}
Wands
 a - a wand of disintegration (19)
 u - a wand of acid (10)
 z - a wand of flame (41)
 D - a wand of enslavement (2)
 M - a wand of polymorph (25)
 N - a wand of paralysis (9)
 T - a wand of iceblast (6)
Scrolls
 d - a scroll of immolation
 h - 6 scrolls of identify
 i - 5 scrolls of remove curse {unknown}
 l - 3 scrolls of fear {unknown}
 m - 2 scrolls of magic mapping {unknown}
 n - 2 scrolls of amnesia {unknown}
 r - 3 scrolls of enchant weapon {unknown}
 s - 6 scrolls of teleportation {unknown}
 v - 3 scrolls of blinking {unknown}
 y - a scroll of fog {unknown}
 J - a scroll of noise {unknown}
 K - a scroll of brand weapon {unknown}
 Q - a scroll of vulnerability {unknown}
Potions
 e - a potion of mutation
 j - 2 potions of flight {unknown}
 k - 4 potions of agility {unknown}
 o - 4 potions of ambrosia {unknown}
 p - 3 potions of berserk rage
 t - 3 potions of degeneration {unknown}
 w - 2 potions of resistance {unknown}
 x - 5 potions of lignification {unknown}
 H - a potion of haste {unknown}
 I - a potion of cancellation {unknown}
 L - a potion of brilliance {unknown}
 O - 3 potions of curing {unknown}
 P - a potion of might {unknown}
Comestibles
 c - 27 rations {!d}


   Skills:
 + Level 10.4 Fighting
 - Level 2.4 Dodging
 - Level 1.1 Stealth
 - Level 9.0 Shields
 * Level 7.6 Unarmed Combat
 + Level 9.1 Invocations


You had 11 spell levels left.
You didn't know any spells.
Your spell library contained the following spells:

 Spells                   Type           Power        Failure   Level  Hunger
 Blink                    Tloc           N/A          43%         2    ###....
 Corona                   Hex            #......      78%         1    ##.....
 Flame Tongue             Conj/Fire      #....        78%         1    ##.....
 Magic Dart               Conj           #...         78%         1    ##.....
 Summon Small Mammal      Summ           #...         78%         1    ##.....
 Call Imp                 Summ           #.....       89%         2    ###....
 Ensorcelled Hibernation  Hex/Ice        #.....       89%         2    ###....
 Flaming Arrows           Chrm/Fire      #.......     89%         2    ###....
 Poisonous Vapours        Pois/Air       #.....       89%         2    ###....
 Sublimation of Blood     Necr           #.........   89%         2    ###....
 Call Canine Familiar     Summ           #.......     98%         3    ####...
 Confuse                  Hex            #.......     98%         3    ####...
 Conjure Flame            Conj/Fire      #.......     98%         3    ####...
 Dazzling Spray           Conj/Hex       #.....       98%         3    ####...
 Ignite Poison            Fire/Tmut/Pois #.......     98%         3    ####...
 Inner Flame              Hex/Fire       N/A          98%         3    ####...
 Mephitic Cloud           Conj/Pois/Air  #.......     98%         3    ####...
 Spider Form              Tmut/Pois      #..          98%         3    ####...
 Tukima's Dance           Hex            #.......     98%         3    ####...
 Petrify                  Tmut/Erth      #.......     100%        4    #####..
 Sticky Flame             Conj/Fire      #.......     100%        4    #####..
 Summon Ice Beast         Ice/Summ       #.......     100%        4    #####..
 Fireball                 Conj/Fire      #.........   100%        5    ######.
 Summon Lightning Spire   Summ/Air       #.......     100%        5    ######.
 Freezing Cloud           Ice/Air        #.........   100%        6    #######
 Ozocubu's Refrigeration  Ice            #.........   100%        6    #######
 Steam Barrier            Chrm/Fire      #.........   100%        6    #######


Dungeon Overview and Level Annotations

Branches:
Dungeon (9/12)             Temple (1/1) D:4            Lair (2/6) D:9
    Orc (0/1) D:9
  Swamp: Lair:2-4    Shoals: Lair:2-4     Snake: Lair:2-4    Spider: Lair:2-4

Altars:
Ashenzari
Cheibriados
Dithmenos
Elyvilon
Fedhas
Gozag
Hepliaklqana
Kikubaaqudgha
Lugonu
Makhleb
Nemelex Xobeh
Okawaru
Qazlal
Ru
Sif Muna
Trog
Uskayaw
Vehumet
Wu Jian
Xom
Yredelemnul
Zin
The Shining One

Shops:
D:6 (   D:9 *

Annotations:
D:9 Joseph


Innate Abilities, Weirdness & Mutations

You cannot wear most types of armour.
Your thick skin is tough. (AC +9)
You are too large for most types of armour.
You have claws for hands.
Your metabolism is lightning-fast.
You like to eat raw meat.
You heal very quickly.
You have supernaturally acute eyesight. (SInv)
You can translocate small distances at will.


Message History

You block the tyrant leech's attack.
The swamp worm throws harpoon shot at you.
The harpoon shot hits you!
* * * LOW HITPOINT WARNING * * *
You are yanked forward by the harpoon shot.
The seven-headed hydra bites you!
* * * LOW HITPOINT WARNING * * *
You block the seven-headed hydra's attack.
The seven-headed hydra bites you but does no damage.
The seven-headed hydra bites you!
* * * LOW HITPOINT WARNING * * *
You block the seven-headed hydra's attack.
The seven-headed hydra bites you.
* * * LOW HITPOINT WARNING * * *
You block the seven-headed hydra's attack.
Space bends around you!
You blink.
You enter the shallow water.
Moving in this stuff is going to be slow.
The tyrant leech bites you!!
You die...

#.......♣≈≈ ♣♣.....##..###
##....#♣♣.. #.........# #
##..### ♣..♣♣ ♣.........#
#...P# ♣§§♣ ♣......)..###
##..## ♣§D♣♣♣♣ ♣.........#.#
#..###♣ ♣§w§..♣♣ ♣♣............
#...#.#♣♣♣♣♣D..♣♣#.............
#......♣♣≈≈≈≈w..♣♣.............
######♣♣≈≈≈≈≈≈@♣♣♣..P.##.#.##..
♣≈≈≈≈≈≈≈≈♣♣♣.###########
♣≈≈≈≈≈≈...♣♣.P# #
♣♣♣♣♣♣♣..♣♣..## #..)..##
###.##.# ### ##


You could see a seven-headed hydra, a five-headed hydra, a tyrant leech and a
swamp worm.

Vanquished Creatures
  A centaur warrior (D:8)
  Erica (D:9)
  2 tengu warriors (D:9)
  Nergalle (D:9)
  Pikel (D:4)
  2 manticores (D:9)
  2 black mambas
  7 cane toads
  Maurice (D:8)
  A komodo dragon (Lair:1)
  An efreet (D:8)
  A rime drake (Lair:2)
  A troll (D:8)
  A polar bear (Lair:1)
  5 hippogriffs
  Sigmund (D:5)
  A wyvern (D:9)
  2 hogs (D:9)
  15 yaks
  A human (D:9)
  A basilisk (D:9)
  A wraith (D:9)
  A hungry ghost (D:8)
  Menkaure (D:5)
  Edmund (D:5)
  3 water moccasins
  6 porcupines
  Duvessa (D:5)
  A phantom (D:9)
  An ice beast (D:6)
  An eye of draining (D:8)
  2 sky beasts (D:6)
  2 ogres
  4 orc warriors
  A necrophage (D:8)
  4 centaurs
  4 crocodiles
  3 bullfrogs
  2 big kobolds
  A gnoll sergeant (D:3)
  Dowan (D:5)
  A wyvern skeleton (D:7)
  4 scorpions
  14 wights
  3 killer bees (D:7)
  6 crimson imps
  A bullfrog zombie (D:5)
  A centaur zombie (D:6)
  2 bullfrog skeletons
  7 hounds
  6 orc priests
  Jessica (D:2)
  2 centaur skeletons
  A gnoll shaman (D:2)
  15 orc wizards
  2 iguanas (D:4)
  A worker ant (D:8)
  2 killer bee zombies
  Robin (D:4)
  9 adders
  43 gnolls
  A howler monkey skeleton (D:7)
  2 shadow imps
  2 adder skeletons (D:5)
  2 worms
  2 dart slugs
  2 leopard geckos
  51 orcs
  2 giant cockroaches (D:1)
  14 goblins
  6 hobgoblins
  14 jackals
  20 kobolds
  3 quokkas
  A ball python (D:2)
  3 bats
  7 frilled lizards
  6 rats
350 creatures vanquished.

Vanquished Creatures (others)
  An orc priest (D:4)
  4 plants (D:9)
5 creatures vanquished.

Grand Total: 355 creatures vanquished

Notes
Turn   | Place    | Note
-------+----------+-------------------------------------------
     0 | D:1      | Mrkan the Troll Monk began the quest for the Orb.
     0 | D:1      | Reached XP level 1. HP: 22/22 MP: 1/1
   249 | D:1      | Reached XP level 2. HP: 29/29 MP: 0/2
   700 | D:1      | Reached XP level 3. HP: 35/36 MP: 3/3
   904 | D:2      | Noticed Jessica
   909 | D:2      | Killed Jessica
   909 | D:2      | Reached skill level 3 in Fighting
  1105 | D:2      | Gained mutation: Your natural rate of healing is unusually
                  | fast. [Troll growth]
  1105 | D:2      | Reached XP level 4. HP: 45/45 MP: 4/4
  1526 | D:3      | Found a faded altar of an unknown god.
  1954 | D:3      | Reached skill level 5 in Unarmed Combat
  1954 | D:3      | Reached XP level 5. HP: 51/53 MP: 5/5
  2159 | D:3      | Reached XP level 6. HP: 62/62 MP: 6/6
  2201 | D:3      | Reached skill level 4 in Fighting
  2374 | D:3      | Reached XP level 7. HP: 51/70 MP: 4/7
  2949 | D:4      | Reached skill level 1 in Shields
  2985 | D:4      | Noticed Robin
  3011 | D:4      | Gained mutation: You have supernaturally acute eyesight.
                  | (SInv) [potion of mutation]
  3011 | D:4      | Gained mutation: You can translocate small distances at
                  | will. [potion of mutation]
  3074 | D:4      | Killed Robin
  3227 | D:4      | Noticed Pikel
  3240 | D:4      | Killed Pikel
  3240 | D:4      | Reached skill level 5 in Fighting
  3240 | D:4      | Reached XP level 8. HP: 50/80 MP: 2/8
  3331 | D:4      | Found a staircase to the Ecumenical Temple.
  3349 | Temple   | Entered the Ecumenical Temple
  3414 | Temple   | Became a worshipper of Lugonu the Unformed
  3414 | Temple   | Reached ** piety under Lugonu
  3799 | D:5      | Entered Level 5 of the Dungeon
  3884 | D:5      | Noticed Edmund
  3885 | D:5      | Reached *** piety under Lugonu
  3900 | D:5      | Killed Edmund
  4225 | D:5      | Reached skill level 6 in Fighting
  4304 | D:5      | Noticed Menkaure
  4316 | D:5      | Killed Menkaure
  4316 | D:5      | Reached XP level 9. HP: 84/89 MP: 7/9
  4438 | D:5      | Reached skill level 5 in Shields
  4462 | D:5      | Noticed Dowan
  4463 | D:5      | Noticed Duvessa
  4474 | D:5      | Killed Duvessa
  4478 | D:5      | Killed Dowan
  4573 | D:5      | Noticed Sigmund
  4648 | D:5      | Killed Sigmund
  4826 | D:6      | Found a snail-covered altar of Cheibriados.
  4970 | D:6      | Found Omyfroc's Weapon Boutique.
  5027 | D:6      | Reached **** piety under Lugonu
  5103 | D:6      | Reached skill level 7 in Fighting
  5193 | D:6      | Found a shimmering altar of Xom.
  5194 | D:6      | Found a burning altar of Makhleb.
  5299 | D:6      | Found a bloodstained altar of Trog.
  5399 | D:6      | Received a gift from Lugonu
  5567 | D:7      | Reached XP level 10. HP: 81/102 MP: 8/10
  6226 | D:8      | Found a hazy altar of Hepliaklqana.
  6226 | D:8      | Found a radiant altar of Vehumet.
  6274 | D:8      | Noticed Maurice
  6297 | D:8      | Killed Maurice
  6406 | D:8      | Reached skill level 8 in Fighting
  6597 | D:8      | Found a bloodstained altar of Trog.
  6598 | D:8      | Found a shattered altar of Ashenzari.
  6613 | D:8      | Noticed a centaur warrior
  6888 | D:8      | Killed a centaur warrior
  6888 | D:8      | Reached skill level 5 in Invocations
  6888 | D:8      | Reached XP level 11. HP: 94/113 MP: 9/13
  7317 | D:9      | Found a staircase to the Lair.
  7348 | D:9      | Noticed Erica
  7396 | D:9      | Killed Erica
  7478 | D:9      | Noticed Joseph
  7549 | D:9      | Found Agil's Assorted Antiques.
  7553 | D:9      | Noticed a tengu warrior
  7555 | D:9      | Noticed a tengu warrior
  7608 | D:9      | Noticed a two-headed ogre
  7617 | D:9      | Killed a tengu warrior
  7617 | D:9      | Reached skill level 9 in Fighting
  7825 | D:9      | Reached ***** piety under Lugonu
  7825 | D:9      | Received a gift from Lugonu
  7835 | D:9      | Noticed an unseen horror
  7993 | D:9      | Found a staircase to the Orcish Mines.
  8026 | D:9      | Noticed Nergalle
  8039 | D:9      | Killed Nergalle
  8061 | D:9      | Bought a hardcover book for 270 gold pieces
  8061 | D:9      | Bought a hardcover book for 270 gold pieces
  8363 | D:9      | Killed a tengu warrior
  8409 | Lair:1   | Entered Level 1 of the Lair of Beasts
  8519 | Lair:1   | Gained mutation: You heal very quickly. [Troll growth]
  8519 | Lair:1   | Reached XP level 12. HP: 88/126 MP: 14/17
  8595 | Lair:1   | Noticed a four-headed hydra
  8599 | Lair:1   | Banished a four-headed hydra
  8599 | Lair:1   | Reached skill level 10 in Fighting
  9749 | Lair:2   | Noticed a seven-headed hydra
  9750 | Lair:2   | Noticed a five-headed hydra
  9757 | Lair:2   | Demolished by a tyrant leech

Skill      XL: |  1  2  3  4  5  6  7  8  9 10 11 12 |
---------------+-------------------------------------+-----
Unarmed Combat | 4 5 6 7 |  7.6
Fighting       | 3 4 5 6 7 8 9 10 | 10.4
Shields        | 3 4 6 8 9 |  9.0
Invocations    | 5 8 9 |  9.1
Dodging        | |  2.4
Stealth        | |  1.1

Action                   |  1- 3 |  4- 6 |  7- 9 | 10-12 || total
-------------------------+-------+-------+-------+-------++-------
Melee: Unarmed           |    76 |   168 |   326 |   588 ||  1158
Invok: Bend Space        |       |       |       |     1 ||     1
       Banish            |       |       |       |     1 ||     1
  Use: Potion            |       |       |     1 |       ||     1
       Scroll            |       |       |       |     3 ||     3
 Stab: Sleeping          |     3 |       |     3 |     1 ||     7
       Distracted        |       |       |       |     1 ||     1
  Eat: Chunk             |    12 |     8 |    20 |    24 ||    64
Armor: Skin              |    30 |    46 |   101 |   165 ||   342
Dodge: Dodged            |    52 |    64 |    88 |   158 ||   362
Block: Shield            |       |    91 |   190 |   296 ||   577
       Large shield      |       |       |       |   162 ||   162
